 Dungeon Crawl Stone Soup version 0.30.1-1-g62c8e00024 (webtiles) character file.

Game seed: 17708805424136935914

857 Fodor the Cudgeller (level 7, -2/61 HPs)
             Began as a Minotaur Fighter on July 14, 2023.
             Was an Initiate of Gozag.
             Killed from afar by an electric eel (4 damage)
             ... with a bolt of electricity
             ... on level 6 of the Dungeon.
             The game lasted 00:25:16 (4976 turns).

Fodor the Cudgeller (Minotaur Fighter)              Turns: 4976, Time: 00:25:18

Health: -2/61      AC: 15    Str: 23    XL:     7   Next: 70%
Magic:  6/6        EV:  7    Int:  5    God:    Gozag
Gold:   391        SH:  9    Dex:  9    Spells: 6/6 levels left

rFire   + + .        r - +3 morningstar (heavy)
rCold   + . .        v - +1 kite shield
rNeg    . . .        l - +3 chain mail
rPois   .            (helmet restricted)
rElec   .            F - scarf {rC+ rF+}
rCorr   .            i - +1 pair of gloves
SInv    .            (no boots)
Will    .....        s - amulet of magic regeneration Stlth
                     c - ring of protection from fire
HPRegen 0.30/turn    (no ring)
MPRegen 0.50/turn

%: no passive effects
@: lethally poisoned (-2 -> -15)
A: horns 2, retaliatory headbutt
a: Renounce Religion, Potion Petition, Call Merchant, Bribe Branch


You were on level 6 of the Dungeon.
You worshipped Gozag.
Gozag was aware of your devotion.
You visited 2 branches of the dungeon, and saw 7 of its levels.

You collected 498 gold pieces.
You spent 33 gold pieces at shops.
You paid 74 gold pieces to Gozag.

Inventory:

Hand Weapons
 r - a +3 heavy morningstar (weapon)
Missiles
 p - 3 poisoned darts (quivered)
 E - 2 datura-tipped darts
Armour
 i - a +1 pair of gloves (worn)
 l - a +3 chain mail (worn)
 v - a +1 kite shield (worn)
 F - a scarf of resistance (worn)
Jewellery
 c - a ring of protection from fire (left hand)
 s - an amulet of magic regeneration (around neck)
 G - a ring of flight
Wands
 f - a wand of paralysis (6)
 C - a wand of polymorph (2)
 J - a wand of flame (17)
Scrolls
 b - a scroll of vulnerability
 o - a scroll of magic mapping
 t - a scroll of teleportation
 w - a scroll of silence
 x - a scroll of fear
 y - a scroll of fog {unknown}
 z - a scroll of acquirement {unknown}
 A - 2 scrolls of amnesia
 B - a scroll of immolation {unknown}
 H - 2 scrolls of blinking {unknown}
Potions
 a - 4 potions of flight {unknown}
 d - 2 potions of might
 e - a potion of degeneration {unknown}
 g - 4 potions of curing {unknown}
 j - 2 potions of heal wounds {unknown}
 k - a potion of attraction {unknown}
 m - 2 potions of haste {unknown}
 n - 3 potions of lignification {unknown}
 q - a potion of invisibility
 u - a potion of magic {unknown}
 D - a potion of mutation {unknown}
 I - a potion of resistance {unknown}


   Skills:
 + Level 5.6 Fighting
 + Level 3.9 Long Blades
 + Level 5.9 Maces & Flails
 + Level 5.8 Armour
 + Level 1.4 Dodging
 + Level 0.7 Stealth
 + Level 5.3 Shields


You had 6 spell levels left.
You didn't know any spells.
Your spell library contained the following spells:

 Spells                   Type           Power      Damage    Failure   Level
 Kiss of Death            Conj/Necr      0%         2d5       99%         1
 Magic Dart               Conj           0%         1d3       99%         1
 Call Imp                 Summ           0%         N/A       100%        2
 Confusing Touch          Hex            0%         N/A       100%        3
 Mephitic Cloud           Conj/Pois/Air  0%         N/A       100%        3
 Dispel Undead            Necr           0%         3d6       100%        4


Dungeon Overview and Level Annotations

Branches:
Dungeon (6/15)             Temple (1/1) D:4

Altars:
Cheibriados
Elyvilon
Gozag
Hepliaklqana
Qazlal
Sif Muna
Trog
Yredelemnul
Zin

Shops:
D:5 *

Annotations:
D:6 1 transporter


Innate Abilities, Weirdness & Mutations

You have a pair of horns on your head.
You reflexively headbutt those who attack you in melee.


Message History

Found a smoky emerald potion.
Found 22 gold pieces.
Found a transporter.
I - a smoky emerald potion You now have 391 gold pieces (gained 13).
Found a scroll labelled LUFEACK AXUGG.
Found a stone staircase leading down.
There is a transporter landing site here.
H - 2 scrolls labelled LUFEACK AXUGG (gained 1)
There is a transporter here.
You enter the transporter and appear at another place.
J - a wand of flame (17)
You open the door.
The electric eel shoots out a bolt of lightning at you!
The bolt of electricity hits you. The bolt of electricity hits you!
Really read the scroll of poison?
Uppercase [Y]es or [N]o only, please.
Really read the scroll of poison?
The air fills with toxic fumes!
As you read the scroll of poison, it crumbles to dust.
The electric eel shoots out a bolt of lightning at you!
The bolt of electricity hits you! The bolt of electricity hits you.
Okay, then.
Really walk into that cloud of poison gas?
Uppercase [Y]es or [N]o only, please.
Really walk into that cloud of poison gas?
You are engulfed in poison gas.
You are poisoned.
You feel very sick.
The electric eel shoots out a bolt of lightning at you!
The bolt of electricity hits you.
* * * LOW HITPOINT WARNING * * *
The bolt of electricity hits you!
* * * LOW HITPOINT WARNING * * *
The bolt of electricity hits the plant!
The plant begins to die.
The electric eel shoots out a bolt of lightning at you!
The bolt of electricity hits you.
* * * LOW HITPOINT WARNING * * *
The bolt of electricity hits you.
You die...
Your body crumbles into a pile of gold.

<.....#
#..........#####
...'#.#
#..........#
...'..#
#..........#
...####
######...####
...# #....©....#
...# #.#######.#
...# #.#8§§§8#.#
...# #.#P§.§P#.#
...# #.###@###.#
#'########
#.#S§§§S#.#
.........#
#.#S§§§§#.#
.........#
#.#§§§§§#.#
.........#
#.#§§§§§#.#
.........#
#.#§§§§§#.#
.........#
#.#§§§§§#.#
.........#
#.#~...~#.#
.........#
#.###+###.#######


You could see 3 electric eels.

Vanquished Creatures
  2 black bears
  A bullfrog (D:6)
  A scorpion (D:4)
  3 jellies
  2 hounds
  An iguana (D:5)
  A sleepcap (D:5)
  2 orc priests
  2 orc wizards
  7 gnolls
  6 adders
  A shadow imp (D:6)
  A white imp (D:5)
  An ufetubus (D:5)
  A worm (D:4)
  3 dart slugs
  12 orcs
  9 endoplasms
  5 giant cockroaches
  5 goblins
  10 hobgoblins
  4 kobolds
  4 quokkas
  5 ball pythons
  3 bats
  7 frilled lizards
  3 rats
102 creatures vanquished.

Notes
Turn   | Place    | Note
-------+----------+-------------------------------------------
     0 | D:1      | Fodor the Minotaur Fighter began the quest for the Orb.
     0 | D:1      | Reached XP level 1. HP: 19/19 MP: 0/0
   102 | D:1      | Reached XP level 2. HP: 24/27 MP: 1/1
   480 | D:1      | Reached XP level 3. HP: 33/33 MP: 2/2
  1246 | D:2      | Found a shimmering blue altar of Sif Muna.
  1442 | D:2      | Reached XP level 4. HP: 18/41 MP: 3/3
  1446 | D:2      | Reached skill level 1 in Maces & Flails
  2035 | D:3      | Found a faded altar of an unknown god.
  2069 | D:3      | Noticed a black bear
  2078 | D:3      | Killed a black bear
  2079 | D:3      | Reached XP level 5. HP: 41/47 MP: 4/4
  2128 | D:3      | Found a glowing silver altar of Zin.
  2754 | D:4      | Reached skill level 5 in Armour
  2822 | D:4      | Reached XP level 6. HP: 53/53 MP: 5/5
  3104 | D:4      | Reached skill level 1 in Dodging
  3270 | D:4      | Found a staircase to the Ecumenical Temple.
  3292 | Temple   | Entered the Ecumenical Temple
  3314 | Temple   | Became a worshipper of Gozag Ym Sagoz the Greedy
  3348 | D:4      | Reached skill level 5 in Fighting
  3526 | D:4      | Reached XP level 7. HP: 61/61 MP: 6/6
  3630 | D:5      | Entered Level 5 of the Dungeon
  3695 | D:5      | Reached skill level 5 in Shields
  3783 | D:5      | Reached skill level 5 in Maces & Flails
  4027 | D:5      | Found Daemim's General Store.
  4041 | D:5      | Bought a wand of polymorph (2) for 33 gold pieces
  4045 | D:5      | Found a stormy altar of Qazlal.
  4889 | D:6      | Found a transporter.
  4929 | D:6      | Found a transporter.
  4976 | D:6      | HP: 2/61 [electric eel/bolt of electricity (5)]
  4976 | D:6      | Killed from afar by an electric eel

Illustrated notes

Levels and vault maps discovered:
D:1:      scummos_arrival_simple_crosswalls, layout_loops_ring
D:2:      layout_loops_cross, basic_altar
D:3:      layout_basic, lemuel_tele_altar,
          hellmonk_ecumenical_altar_inner_sanctum, kennysheep_nondescript,
          corexii_hall_statues_s, minmay_quantized
D:4:      layout_loops_cross, minmay_temple_entry_purple_smoke, serial_forest,
          infiniplex_forest_lined_1, infiniplex_forest_lined_3_way,
          infiniplex_forest_clump_tiny, infiniplex_forest_corner_2,
          infiniplex_forest_lined_room_2, infiniplex_forest_lined_3_way,
          st_stairs_5, hangedman_abyss_or_decor_stagger
D:5:      layout_loops_cross, mainiacjoe_overflow_tiny_flanked, serial_shops,
          shop
D:6:      gammafunk_steamed_eel, layout_basic, corexii_checkpoint_a
Temple:   nicolae_temple_bog_church

Skill      XL: |  1  2  3  4  5  6  7 |
---------------+----------------------+-----
Fighting       | 4 5 |  5.6
Shields        | 4 5 |  5.3
Armour         | 4 5 |  5.8
Long Blades    | 3 |  3.9
Maces & Flails | 2 3 4 5 |  5.9
Dodging        | 1 |  1.4
Stealth        | |  0.7

Action                     |  1- 3 |  4- 6 |  7- 9 || total
---------------------------+-------+-------+-------++-------
  Melee: Long sword        |    75 |       |       ||    75
         Headbutt          |    10 |    10 |     4 ||    24
         Morningstar       |     6 |    79 |    51 ||   136
    Use: Scroll            |       |       |    13 ||    13
   Stab: Distracted        |       |       |     1 ||     1
 Armour: Scale mail        |    30 |       |       ||    30
         Chain mail        |    24 |    74 |    32 ||   130
  Dodge: Dodged            |    35 |    46 |    17 ||    98
  Block: Buckler           |    19 |     2 |       ||    21
         Kite shield       |       |    49 |    35 ||    84
